AoeStats
← Mycorrhizal

Black Forest

510593770Analyzed
4v4 RM · 20h ago on Oct 1, 2026· 56m 32s· 8 players
Game mode
Random Map
Map size
Large (8 player)
Population
200
Speed
Normal
Resources
Standard
Victory
Conquest
Starting age
Dark Age
Ending age
Imperial Age
RankedLock teamsTeams togetherTeam positionsShared explorationLock speedFull tech treeHidden civsTurbo modeCheats
Victory
Defeat
🇩🇪 Bulgarians · Germany
1528
+13
🇵🇪 Varangians · Peru
1513
+14
🇨🇿 Malay · Czechia
1509
+14
🇳🇱 Dravidians · Netherlands
1502
+14
🇧🇷 Cumans · Brazil
1529
-16
🇨🇦 Berbers · Canada
1471
-14
🇨🇳 Danes · China
1466
-14
🇨🇳 Khmer · China
1403
-11
Rien
7:28 Loom
11:15 Feudal Age
11:33 Feudal Age
15:06 Castle Age
14:07 Double-Bit Axe
14:02 Horse Collar
16:06 Bow Saw
22:25 Wheelbarrow
22:07 Heavy Plow
22:55 Town Watch
24:36 Hand Cart
25:09 Hand Cart
25:12 Gold Mining
25:14 Stone Mining
29:53 Imperial Age
28:01 Fletching
28:23 Padded Archer Armor
28:50 Ballistics
29:01 Bodkin Arrow
29:22 Leather Archer Armor
29:54 Thumb Ring
31:07 Bracer
32:10 Chemistry
31:20 Masonry
32:02 Ring Archer Armor
31:56 Elite Elephant Archer
33:41 Guilds
35:08 Husbandry
36:20 Conscription
36:07 Medical Corps
36:48 Coinage
37:35 Squires
40:33 Hoardings
40:21 Pikeman
43:10 Banking
42:56 Murder Holes
43:21 Halberdier
44:29 Wootz Steel
44:04 Siege Elephant
47:24 Caravan
52:26 Siege Elephant
52:57 Elite Skirmisher
53:50 Scale Mail Armor
54:00 Forging
55:47 Arson
eraycoskun33
10:53 Feudal Age
12:02 Double-Bit Axe
14:30 Castle Age
12:52 Horse Collar
16:06 Bow Saw
26:17 Loom
27:13 Wheelbarrow
35:21 Bloodlines
35:11 Husbandry
35:33 Scale Barding Armor
38:37 Imperial Age
36:22 Hand Cart
38:43 Imperial Age
36:28 Hand Cart
37:17 Chain Barding Armor
37:08 Forging
38:45 Iron Casting
39:10 Onager
39:56 Husbandry
39:17 Light Cavalry
40:58 Plate Barding Armor
41:24 Blast Furnace
40:15 Hussar
41:49 Siege Onager
44:42 Gold Mining
46:36 Heavy Scorpion
53:06 Siege Engineers
52:26 Elite Konnik
55:25 Scale Mail Armor
55:16 Fletching
55:26 Padded Archer Armor
56:21 Ballistics
56:36 Chain Mail Armor
Rakosnik
0:57 Loom
14:12 Feudal Age
13:47 Double-Bit Axe
13:56 Horse Collar
17:42 Fletching
21:19 Castle Age
19:41 Stone Mining
19:46 Gold Mining
21:21 Bow Saw
21:16 Heavy Plow
25:04 Wheelbarrow
24:18 Town Watch
26:43 Hand Cart
29:48 Squires
29:33 Arson
30:29 Forging
30:16 Bodkin Arrow
31:18 Pikeman
35:07 Imperial Age
34:18 Halberdier
42:43 Conscription
44:24 Iron Casting
49:20 Blast Furnace
50:05 Chemistry
JAGR | BkB
10:19 Feudal Age
11:27 Loom
14:17 Castle Age
12:15 Double-Bit Axe
12:24 Horse Collar
15:29 Bow Saw
15:29 Heavy Plow
23:08 Scale Barding Armor
23:14 Forging
23:40 Bloodlines
25:29 Husbandry
29:23 Imperial Age
27:43 Wheelbarrow
26:54 Town Watch
27:47 Gold Mining
27:47 Stone Mining
27:47 Gold Mining
29:51 Cavalier
30:52 Chain Barding Armor
32:41 Two-Man Saw
32:14 Crop Rotation
32:14 Vendel Legacy
33:15 Conscription
34:28 Caravan
35:04 Plate Barding Armor
35:05 Iron Casting
37:09 Blast Furnace
36:28 Onager
38:26 Fletching
40:21 Hand Cart
42:53 Scale Mail Armor
42:53 Padded Archer Armor
42:49 Bodkin Arrow
43:52 Coinage
43:33 Guilds
45:48 Chain Mail Armor
44:54 Pikeman
45:35 Squires
45:20 Gambesons
46:13 Light Cavalry
51:19 Plate Mail Armor
51:42 Hussar
54:17 Halberdier
54:43 Arson
Mycorrhizal
0:49 Loom
10:27 Feudal Age
14:15 Castle Age
12:16 Double-Bit Axe
12:51 Stone Mining
13:18 Horse Collar
15:06 Bow Saw
22:04 Gold Mining
23:23 Fletching
24:27 Bodkin Arrow
25:14 Padded Archer Armor
27:13 Wheelbarrow
28:02 Leather Archer Armor
35:24 Imperial Age
35:45 Husbandry
35:55 Elite Camel Archer
36:51 Bracer
38:12 Ring Archer Armor
38:04 Ballistics
38:26 Bloodlines
40:29 Chemistry
40:51 Conscription
40:50 Kasbah
42:46 Heavy Plow
42:10 Light Cavalry
43:03 Masonry
45:56 Hussar
46:44 Scale Barding Armor
47:24 Guilds
47:44 Town Watch
48:20 Hand Cart
49:35 Chain Barding Armor
56:10 Plate Barding Armor
56:45 Forging
Julio2
8:27 Feudal Age
8:55 Double-Bit Axe
10:55 Horse Collar
14:36 Wheelbarrow
20:45 Castle Age
20:51 Capped Ram
21:42 Bow Saw
21:34 Heavy Plow
25:21 Stone Mining
25:23 Gold Mining
26:11 Hand Cart
29:53 Imperial Age
28:52 Fletching
29:43 Gold Shaft Mining
29:31 Ballistics
30:21 Bodkin Arrow
30:57 Conscription
31:51 Chemistry
31:20 Elite Kipchak
33:40 Siege Ram
35:10 Padded Archer Armor
37:47 Scale Barding Armor
37:52 Forging
37:49 Cavalier
39:17 Bloodlines
38:50 Paladin
40:21 Chain Barding Armor
40:37 Iron Casting
40:14 Caravan
42:29 Plate Barding Armor
43:23 Blast Furnace
豹豹是只大猫咪
1:00 Loom
14:27 Feudal Age
15:01 Man-at-Arms
16:34 Arson
16:43 Double-Bit Axe
17:38 Horse Collar
19:15 Fletching
24:12 Castle Age
25:48 Town Watch
29:04 Wheelbarrow
30:11 Bow Saw
31:49 Hand Cart
39:07 Heavy Plow
42:50 Imperial Age
40:58 Scale Mail Armor
41:08 Forging
42:54 Onager
44:05 Conscription
44:16 Siege Onager
46:13 Siege Engineers
46:29 Ballistics
47:09 Chemistry
50:01 Coinage
54:10 Capped Ram
55:56 Bodkin Arrow
56:01 Padded Archer Armor
56:52 Hoardings
55:44 Hamask
Fantasy
10:21 Feudal Age
13:08 Castle Age
11:54 Double-Bit Axe
11:50 Horse Collar
14:19 Bow Saw
21:17 Wheelbarrow
22:15 Heavy Plow
26:25 Imperial Age
23:58 Gold Mining
24:22 Loom
24:53 Hand Cart
24:25 Town Watch
25:09 Stone Mining
25:25 Husbandry
25:35 Bloodlines
26:22 Scale Barding Armor
26:59 Forging
27:46 Chain Barding Armor
28:38 Iron Casting
29:21 Plate Barding Armor
28:19 Elite Battle Elephant
29:46 Gold Shaft Mining
31:22 Stone Shaft Mining
31:53 Conscription
32:10 Tusk Swords
33:22 Blast Furnace
33:31 Crop Rotation
37:55 Fletching
39:12 Bodkin Arrow
41:51 Caravan
44:37 Light Cavalry
45:35 Hussar
47:22 Bracer
Connection lost

Rejoining the realm…

Still unreachable

The connection could not be restored.

Session expired

The server has moved on; the page needs a fresh start.